Map: Dusk Towers

Players

Grumm

  • Race: Zerg Zerg
  • League: Gold

Dullahan - Winner!

  • Race: Protoss Protoss
  • League: Gold

VOD

Have the link to the VOD?

Description

Time

  • Played on: Jan. 15, 2016, 3:18 p.m.
  • Length: 11:57
Show
View Real Time Build Order
Export as new Build Order

Grumm Zerg 

Build Orders: Hatch First 

Get SALT Encoding   

  12  0:02  Drone  
  13  0:10  Drone  
  14  0:18  Overlord  
  14  0:43  Hatchery  
  13  0:51  Drone  
  13  0:52  Drone  
  13  0:54  Drone  
  16  1:10  Drone  
  17  1:14  Spawning Pool  
  16  1:18  Extractor  
  16  1:21  Drone, Extractor  
  15  1:28  Drone  
  16  1:41  Drone  
  17  1:49  Drone  
  18  1:56  Drone  
  18  1:57  Drone  
  20  2:01  Queen  
  20  2:06  Queen  
  24  2:18  Drone  
  25  2:29  Drone x2  
  28  2:30  Drone  
  28  2:37  Spine Crawler  
  28  2:38  Spine Crawler  
  26  2:44  Lair  
  26  3:04  Drone x2  
  28  3:08  Roach Warren  
  27  3:13  Evolution Chamber  
  27  3:27  Drone, Zergling x2  
  28  3:41  Evolution Chamber  
  27  3:55  Roach  
  28  3:56  Overlord x2  
  28  4:09  Spore Crawler  
  27  4:11  Spore Crawler  
  27  4:12  Hatchery  
  27  4:15  Spine Crawler  
  27  4:16  Overseer  
  24  4:36  Drone x6  
  30  4:50  Metabolic Boost  
  25  5:09  Roach x2  
  25  5:10  Roach x2  
  33  5:15  Spine Crawler  
  32  5:31  Drone x4  
  36  5:51  Drone x6  
  42  6:01  Hydralisk Den  
  42  6:04  Zerg Missile Weapons Level 1  
  41  6:19  Spine Crawler  
  41  6:20  Spore Crawler  
  41  6:22  Roach x2  
  41  6:24  Roach  
  45  6:36  Hydralisk x2, Roach  
  40  6:54  Hydralisk  
  40  6:55  Hydralisk x2  
  46  7:02  Queen  
  48  7:17  Drone x2, Overlord  
  48  7:19  Overlord  
  50  7:36  Hydralisk x2  
  50  7:37  Hydralisk  
  56  8:00  Hydralisk x4  
  64  8:08  Drone x2  
  66  8:27  Extractor  
  66  8:29  Extractor  
  66  8:33  Drone x2  
  66  8:39  Overlord  
  66  9:09  Zergling x2  
  57  9:10  Zergling x28  
  57  9:16  Overseer  
  57  9:37  Drone  
  57  9:38  Drone  
  57  9:39  Overlord x2  
  57  9:52  Overlord x2  
  57  9:53  Overlord x2  
  57  9:55  Muscular Augments  
  57  9:57  Glial Reconstitution, Queen  
  59  10:04  Spine Crawler  
  58  10:21  Overseer  
  58  10:26  Roach x6  
  70  10:38  Evolution Chamber  
  69  10:55  Drone x5  
  69  10:56  Drone x5  
  69  10:57  Drone  
  80  11:22  Hydralisk x4  
  80  11:23  Roach  
Show
View Real Time Build Order
Export as new Build Order

Dullahan Protoss - Winner!

Build Orders:  

Get SALT Encoding   

  12  0:02  Probe (Chrono Boost)  
  13  0:12  Probe (Chrono Boost)  
  14  0:21  Pylon  
  14  0:23  Probe (Chrono Boost)  
  15  0:39  Probe (Chrono Boost)  
  15  0:42  Gateway  
  16  0:46  Assimilator  
  16  0:51  Assimilator  
  16  0:52  Probe (Chrono Boost)  
  17  1:02  Probe (Chrono Boost)  
  18  1:13  Probe (Chrono Boost)  
  19  1:23  Probe (Chrono Boost)  
  20  1:30  Cybernetics Core  
  20  1:32  Pylon  
  20  1:56  Nexus  
  20  1:59  Warp Gate (Chrono Boost)  
  20  2:15  Twilight Council  
  20  2:19  Gateway  
  20  2:20  Probe  
  21  2:30  Adept  
  21  2:32  Probe  
  24  2:49  Pylon  
  24  2:55  Charge (Chrono Boost)  
  24  2:56  Pylon  
  24  3:12  Probe  
  28  3:13  Zealot x2 (Chrono Boost)  
  28  3:16  Probe  
  30  3:23  Probe  
  31  3:29  Mothership Core  
  31  3:33  Probe  
  34  3:41  Gateway  
  34  3:44  Probe  
  35  3:54  Probe  
  35  3:57  Probe  
  35  4:02  Zealot x2  
  41  4:05  Probe  
  41  4:09  Probe  
  43  4:12  Gateway  
  43  4:21  Probe  
  44  4:30  Gateway  
  44  4:33  Probe  
  44  4:34  Probe  
  44  4:35  Pylon  
  44  4:37  Assimilator  
  46  4:44  Probe  
  46  4:47  Probe  
  48  4:55  Probe  
  47  5:11  Zealot  
  47  5:12  Zealot x2  
  53  5:14  Probe  
  53  5:15  Probe  
  55  5:22  Assimilator  
  55  5:25  Probe  
  55  5:27  Probe  
  57  5:35  Probe  
  57  5:39  Probe, Zealot x2  
  57  5:40  Zealot x3  
  69  5:46  Probe  
  70  5:52  Blink (Chrono Boost)  
  70  6:06  Pylon  
  70  6:09  Pylon x2  
  70  6:12  Pylon  
  70  6:14  Pylon  
  70  6:23  Probe  
  67  6:33  Probe  
  58  6:56  Gateway  
  58  6:58  Zealot x5  
  68  7:13  Nexus  
  68  7:15  Pylon  
  68  7:17  Pylon  
  68  7:22  Gateway  
  68  7:23  Gateway  
  68  7:28  Dark Shrine  
  68  7:30  Gateway x2  
  68  7:45  Stalker x3  
  68  7:46  Zealot x2  
  78  8:09  Zealot x4  
  78  8:10  Zealot x2  
  90  8:34  Stalker x3  
  92  8:35  Stalker  
  98  8:43  Dark Templar x6  
  62  9:31  Zealot x7  
  66  9:32  Zealot x3  
  68  9:39  Assimilator  
  68  9:44  Assimilator  
  68  9:58  Pylon, Dark Templar x3  
  68  9:59  Dark Templar x5  
  84  10:00  Pylon  
  84  10:02  Pylon, Dark Templar  
  84  10:03  Archon x4  
  86  10:07  Dark Templar  
  88  10:14  Archon  
  88  10:21  Probe  
  89  10:32  Probe, Zealot x3  
  89  10:33  Zealot x4  
  104  10:42  Probe  
  105  10:53  Probe  
  105  10:55  Forge  
  105  10:56  Forge  
  106  10:58  Forge  
  106  11:03  Probe  
  106  11:07  Zealot x6  
  119  11:14  Probe  
  92  11:46  Dark Templar x3  
  92  11:47  Dark Templar x6  
  100  11:48  Dark Templar  
  100  11:50  Archon x2  
  100  11:51  Archon x3  
Tags
 
Add a new tag
Caveats
  • Supply blocks, unpowered buildings, or Contaminate may cause inaccurate times.
  • Supply counts are checked every 10 seconds.